 Dungeon Crawl Stone Soup version 0.22-a0-601-gb0ed703 (webtiles) character file.

1687 yeslipoi2 the Cleaver (level 8, -10/71 HPs)
             Began as a Minotaur Berserker on July 6, 2018.
             Was an Elder of Trog.
             Mangled by an ogre
             ... wielding a +0 giant spiked club
              (18 damage)
             ... on level 6 of the Dungeon.
             The game lasted 00:12:49 (5781 turns).

yeslipoi2 the Cleaver (Minotaur Berserker)          Turns: 5781, Time: 00:12:49

Health: -10/71     AC: 11    Str: 22    XL:     8   Next: 71%
Magic:  7/7        EV: 12    Int:  4    God:    Trog [****..]
Gold:   346        SH:  0    Dex: 12    Spells: 7/7 levels left

rFire    . . .     SeeInvis .   y - +0 battleaxe
rCold    . . .     Gourm    .   (shield currently unavailable)
rNeg     . . .     Faith    .   s - +0 scale mail
rPois    .         Spirit   .   (helmet restricted)
rElec    .         Reflect  .   v - +1 cloak
rCorr    .         Harm     .   B - +0 pair of gloves (curse)
MR       .....                  (no boots)
Stlth    ..........             (no amulet)
HPRegen  0.21/turn              (no ring)
MPRegen  0.10/turn              (no ring)

@: berserk cooldown, slowed, very slow
A: retaliatory headbutt, horns 2
a: Berserk, Trog's Hand, Brothers in Arms, Renounce Religion


You were on level 6 of the Dungeon.
You worshipped Trog.
Trog was greatly pleased with you.
You were very hungry.

You visited 1 branch of the dungeon, and saw 6 of its levels.

You collected 346 gold pieces.

Inventory:

Hand Weapons
 a - a +0 hand axe
 y - a +0 battleaxe (weapon)
 C - a +0 shortbow
Missiles
 D - 111 arrows
Armour
 s - a +0 scale mail (worn)
 u - a +0 pair of gloves
 v - a +1 cloak (worn)
 B - a cursed +0 pair of gloves (worn)
Jewellery
 d - an uncursed ring of protection from cold {unknown}
 k - a cursed ring of teleportation {unknown}
Wands
 t - a wand of polymorph (12)
Scrolls
 e - 2 scrolls of remove curse {unknown}
 h - 3 scrolls of fog {unknown}
 j - 2 scrolls of fear {unknown}
 l - 2 scrolls of magic mapping {unknown}
 o - 2 scrolls of immolation {unknown}
 p - a scroll of random uselessness {unknown}
 q - 5 scrolls of identify {unknown}
 r - 2 scrolls of enchant armour {unknown}
 w - a scroll of teleportation {unknown}
 E - a scroll of amnesia {unknown}
Potions
 b - a potion of flight {unknown}
 f - 2 potions of haste {unknown}
 g - a potion of degeneration {unknown}
 i - 6 potions of curing {unknown}
 m - a potion of lignification {unknown}
 n - 2 potions of brilliance {unknown}
 x - a potion of agility {unknown}
 z - 2 potions of might {unknown}
 A - a potion of berserk rage {unknown}
Comestibles
 c - 7 rations
 F - 21 chunks of flesh


   Skills:
 + Level 6.7 Fighting
 + Level 9.5 Axes
 + Level 7.4 Armour
 + Level 4.1 Dodging
 + Level 1.0 Stealth


You had 7 spell levels left.
You didn't know any spells.
Your spell library was empty.

Dungeon Overview and Level Annotations

Branches:
Dungeon (6/15)             Temple (0/1) D:6

Altars:
Ashenzari
Gozag

Shops:
D:5 ?


Innate Abilities, Weirdness & Mutations

You reflexively headbutt those who attack you in melee.
You have a pair of horns on your head.


Message History

The centaur shoots an arrow.
The arrow misses you.
The orc warrior hits you with a long sword of protection!
You barely miss the ogre. You headbutt the ogre!
The ogre is heavily wounded.
You barely miss the orc warrior.
The ogre hits you with a giant spiked club!
* * * LOW HITPOINT WARNING * * *
The orc warrior hits you with a long sword of protection.
* * * LOW HITPOINT WARNING * * *
You are no longer berserk.
You are exhausted.
You feel yourself slow down.
You fail to use your ability.
You fail to use your ability.
The orc warrior hits you with a long sword of protection!
* * * LOW HITPOINT WARNING * * *
The ogre barely misses you. x2; The orc warrior barely misses you.
Some of the chunks of flesh in your inventory have rotted away.
The ogre hits you with a giant spiked club!!
You die...

######################
..$.$.KoO(........)..+
?.....c.O@....)...))(+
......####'(########'#
..... #(.........#...#
...$ #....).....#...#
... #..........#.>.###
# ..
#.(........#÷).#P♣♣♣ .
############')'#PPPP #
# ♣♣..P♣♣♣♣....♣PPP♣
♣.♣P♣P..PP♣PP.....P♣P.


You could see an orc warrior, 2 ogres, a centaur and a kobold.

Vanquished Creatures
  The ghost of onlghost the Skirmisher, an amateur GrMo of the Shining One (D:4)
  An orc warrior (D:6)
  2 phantoms (D:4)
  An ogre (D:4)
  3 centaurs
  2 scorpions (D:4)
  3 crimson imps
  A jelly (D:5)
  An orc priest (D:3)
  6 hounds
  A gnoll shaman (D:6)
  A centaur skeleton (D:4)
  2 iguanas (D:5)
  4 orc wizards
  A worker ant (D:5)
  A howler monkey zombie (D:5)
  7 gnolls
  4 adders
  A shadow imp (D:6)
  3 oozes
  An adder skeleton (D:4)
  A worm (D:2)
  2 dart slugs
  3 leopard geckos
  17 orcs
  8 giant cockroaches
  14 goblins
  18 hobgoblins
  23 jackals
  2 ball pythons
  7 bats
  3 frilled lizards (D:2)
  A giant cockroach zombie (D:5)
  15 kobolds
  A leopard gecko skeleton (D:4)
  A quokka skeleton (D:2)
  A quokka zombie (D:5)
  8 rats
  A plant (D:6)
173 creatures vanquished.

Notes
Turn   | Place    | Note
-------+----------+-------------------------------------------
     0 | D:1      | yeslipoi2 the Minotaur Berserker began the quest for the Orb.
     0 | D:1      | Reached XP level 1. HP: 19/19 MP: 0/0
    35 | D:1      | Reached skill level 4 in Axes
    35 | D:1      | Reached XP level 2. HP: 21/27 MP: 1/1
   328 | D:1      | Reached XP level 3. HP: 28/33 MP: 2/2
   330 | D:1      | Reached ** piety under Trog
   917 | D:2      | Reached XP level 4. HP: 27/41 MP: 3/3
  1090 | D:2      | Reached skill level 5 in Axes
  1593 | D:3      | Reached *** piety under Trog
  2099 | D:3      | Reached XP level 5. HP: 47/47 MP: 4/4
  2561 | D:4      | Reached skill level 5 in Fighting
  2609 | D:4      | Reached skill level 6 in Axes
  2609 | D:4      | Reached XP level 6. HP: 51/56 MP: 5/5
  3213 | D:4      | Reached skill level 7 in Axes
  3213 | D:4      | Reached XP level 7. HP: 47/61 MP: 6/6
  3225 | D:4      | Reached skill level 5 in Armour
  3448 | D:4      | Found a shattered altar of Ashenzari.
  3510 | D:4      | Found an opulent altar of Gozag.
  3565 | D:4      | Found a runed door.
  3570 | D:4      | Noticed onlghost's ghost (amateur GrMo)
  3577 | D:4      | Killed onlghost's ghost
  3804 | D:5      | Entered Level 5 of the Dungeon
  4169 | D:5      | Reached **** piety under Trog
  4201 | D:5      | Reached skill level 8 in Axes
  4250 | D:5      | Reached skill level 1 in Stealth
  4250 | D:5      | Reached XP level 8. HP: 64/70 MP: 7/7
  5225 | D:5      | Found Nypnutt's Magic Scroll Shoppe.
  5461 | D:6      | Found a staircase to the Ecumenical Temple.
  5699 | D:6      | Reached skill level 9 in Axes
  5781 | D:6      | Mangled by an ogre

Vault maps used:
D:1:      saegor_arrival_simple_d
D:2:      first_ration, minivault_24
D:4:      lemuel_crystal_altar, ebering_ghost_reflecting_pool,
          grunt_gozag_statues
D:5:      serial_shops, nicolae_shop_temple_entry_statues_fountains,
          kennysheep_decorative_pillar
D:6:      kennysheep_housing_project, minmay_temple_entry_hall, basic_altar

Skill      XL: |  1  2  3  4  5  6  7  8 |
---------------+-------------------------+-----
Axes           | 4 5 6 7 8 9 |  9.5
Fighting       | 4 5 6 |  6.7
Armour         | 3 4 6 7 |  7.4
Dodging        | 3 4 |  4.1
Stealth        | 1 |  1.0

Action                   |  1- 3 |  4- 6 |  7- 9 || total
-------------------------+-------+-------+-------++-------
Melee: Hand axe          |    73 |   120 |    98 ||   291
       Headbutt          |    14 |    21 |    32 ||    67
       Battleaxe         |       |       |    73 ||    73
Invok: Berserk           |       |     4 |     4 ||     8
       Trog's Hand       |       |       |     2 ||     2
  Eat: Chunk             |       |     4 |     8 ||    12
       Ration            |       |     2 |     1 ||     3
Armor: Animal skin       |     3 |       |       ||     3
       Ring mail         |    12 |    23 |       ||    35
       Scale mail        |       |    16 |    83 ||    99
Dodge: Dodged            |    31 |    74 |   142 ||   247

Table legend:
 A = Spawn XP
 B = Non-spawn XP
 C = Spawn XP percentage of total XP
 D = Spawn monster count
 E = Non-spawn monster count
 F = Spawn count percentage of total count
 G = Total turns spent on level
                    A         B        C        D         E        F      G
               +---------+---------+-------+---------+---------+-------+---------
         Total |       0 |    2411 |   0.0 |       0 |     172 |   0.0 |  5781
               +---------+---------+-------+---------+---------+-------+---------
           D:1 |       0 |      46 |   0.0 |       0 |      25 |   0.0 |   745
           D:2 |       0 |      82 |   0.0 |       0 |      34 |   0.0 |   719
           D:3 |       0 |     103 |   0.0 |       0 |      25 |   0.0 |  1082
           D:4 |       0 |     841 |   0.0 |       0 |      18 |   0.0 |  1258
           D:5 |       0 |     580 |   0.0 |       0 |      30 |   0.0 |  1586
           D:6 |       0 |     759 |   0.0 |       0 |      40 |   0.0 |   391
               +---------+---------+-------+---------+---------+-------+---------
